 Dungeon Crawl Stone Soup version 0.30-a0-956-gcec3b41aec (webtiles) character file.

Game seed: 16114485479355839275

338864 Sobieck the Eclecticist (level 21, -14/150 HPs)
             Began as a Mummy Earth Elementalist on Mar 28, 2023.
             Was a High Priest of Sif Muna.
             Shot with a bolt by a yaktaur (30 damage)
             ... led by a yaktaur captain
             ... on level 4 of the Vaults on Mar 29, 2023.
             The game lasted 03:50:48 (65355 turns).

Sobieck the Eclecticist (Mummy Earth Elementalist) Turns: 65355, Time: 03:50:48

Health: -14/150    AC: 12    Str: 11    XL:     21   Next: 3%
Magic:  32/53      EV: 14    Int: 28    God:    Sif Muna [*****.]
Gold:   4210       SH:  6    Dex: 13    Spells: 16/58 levels left

rFire   + . .      SeeInvis .    b - staff of earth "Berront" {rElec rF+ rCorr Str-3, !astaff}
rCold   + . .      Faith    +    V - +1 buckler {rF+}
rNeg    + + +      Spirit   .    y - +2 robe {Archmagi}
rPois   ∞          Reflect  .    U - +2 hat {Will+}
rElec   +          Rampage  .    j - scarf {repulsion}
rCorr   +          Archmagi +    d - +2 pair of gloves
Will    +++..                    l - +2 pair of boots
Stlth   ++                       e - amulet of magic regeneration {@e2}
HPRegen 0.45/turn                t - +6 ring of intelligence
MPRegen 0.73/turn                z - ring of magical power

@: repel missiles
A: cold resistance 1, negative energy resistance 3, torment resistance 2, heat
vulnerability 1, in touch with death 2, no potions, faith
}: 2/15 runes: decaying, serpentine
a: Renounce Religion, Channel Magic, Forget Spell, Divine Exegesis


You were on level 4 of the Vaults.
You worshipped Sif Muna.
Sif Muna was extremely pleased with you.
You visited 7 branches of the dungeon, and saw 37 of its levels.

You collected 6560 gold pieces.
You spent 2350 gold pieces at shops.


Innate Abilities, Weirdness & Mutations

You are immune to poison.
Your flesh is cold resistant. (rC+)
You are immune to negative energy. (rN+++)
You are immune to unholy pain and torment.
You are vulnerable to heat. (rF-)
You are strongly in touch with the powers of death.
You do not drink.
You have a special connection with the divine. (Faith)


   Skills:
 - Level 9.0 Fighting
 - Level 7.0 Dodging
 - Level 1.5 Stealth
 - Level 4.0 Shields
 - Level 19.0 Spellcasting
 - Level 17.0 Conjurations
 - Level 5.0 Necromancy
 - Level 0.7 Transmutations
 + Level 16.9 Air Magic
 - Level 12.0 Earth Magic
 - Level 12.0 Invocations


You had 16 spell levels left.
You knew the following spells:

 Your Spells              Type           Power      Damage    Failure   Level
a - Iskenderun's Battles  Conj           100%       2d15      1%          5
b - Iron Shot             Conj/Erth      63%        9d12      1%          6
d - Swiftness             Air            100%       N/A       0%          3
f - Orb of Destruction    Conj           55%        9d14      1%          7
h - Borgnjor's Vile Clut  Necr/Erth      64%        N/A       1%          5
i - Lee's Rapid Deconstr  Erth           59%        3d27*     1%          5
j - Irradiate             Conj/Tmut      42%        3d25      1%          5
k - Conjure Ball Lightni  Conj/Air       55%        3x3d20    1%          6

Your spell library contained the following spells:

 Spells                   Type           Power      Damage    Failure   Level
 Magic Dart               Conj           100%       1d8       0%          1
 Sandblast                Erth           100%       2d20      0%          1
 Shock                    Conj/Air       100%       1d9       0%          1
 Searing Ray              Conj           100%       2d8       0%          2
 Static Discharge         Conj/Air       100%       2-7/arc   0%          2
 Stone Arrow              Conj/Erth      100%       3d13      0%          3
 Apportation              Tloc           78%        N/A       1%          1
 Foxfire                  Conj/Fire      100%       2x1d6     1%          1
 Kiss of Death            Conj/Necr      100%       2d13      1%          1
 Necrotise                Necr           100%       1d9       1%          1
 Slow                     Hex            100%       N/A       1%          1
 Sting                    Tmut/Pois      100%       1d8       1%          1
 Momentum Strike          Conj/Tloc      100%       3d10      1%          2
 Passwall                 Tmut/Erth      80%        N/A       1%          2
 Poisonous Vapours        Pois/Air       100%       N/A       1%          2
 Dazzling Flash           Conj/Hex       100%       N/A       1%          3
 Hailstorm                Conj/Ice       84%        3d17      1%          3
 Kindle Blastsparks       Fire/Tloc/Air  100%       2d18      1%          3
 Mephitic Cloud           Conj/Pois/Air  94%        N/A       1%          3
 Vampiric Draining        Necr           100%       2d13      1%          3
 Vhi's Electric Charge    Tloc/Air       100%       N/A       1%          3
 Airstrike                Air            55%        2d(8-24)  1%          4
 Animate Armour           Summ/Erth      100%       N/A       1%          4
 Flame Wave               Conj/Fire      84%        2d18      1%          4
 Fulminant Prism          Conj/Hex       42%        3d19      1%          4
 Iskenderun's Mystic Bla  Conj/Tloc      84%        2d17      1%          4
 Leda's Liquefaction      Hex/Erth       47%        N/A       1%          4
 Petrify                  Tmut/Erth      96%        N/A       1%          4
 Sticky Flame             Conj/Fire      84%        2d10      1%          4
 Summon Lightning Spire   Summ/Air       84%        N/A       1%          4
 Arcjolt                  Conj/Air       55%        1d65      1%          5
 Fireball                 Conj/Fire      42%        3d17      1%          5
 Freezing Cloud           Conj/Ice/Air   47%        6-21      1%          5
 Plasma Beam              Fire/Air       42%        2x1d40    1%          5
 Silence                  Hex/Air        42%        N/A       1%          5
 Animate Dead             Necr           100%       N/A       2%          4
 Dispel Undead            Necr           100%       3d31      2%          4
 Ensorcelled Hibernation  Hex/Ice        78%        N/A       3%          2
 Lesser Beckoning         Tloc           78%        N/A       3%          2
 Scorch                   Fire           78%        2d9       3%          2
 Ignite Poison            Fire/Tmut/Pois 41%        N/A       5%          3
 Confusing Touch          Hex            39%        N/A       6%          3
 Frozen Ramparts          Ice            78%        1d12      6%          3
 Portal Projectile        Hex/Tloc       78%        N/A       6%          3
 Summon Guardian Golem    Hex/Summ       39%        N/A       6%          3
 Teleport Other           Tloc           39%        N/A       6%          3
 Tukima's Dance           Hex            39%        N/A       6%          3
 Anguish                  Hex/Necr       47%        N/A       7%          4
 Agony                    Necr           100%       N/A       7%          5
 Starburst                Conj/Fire      42%        6d12      10%         6
 Manifold Assault         Tloc           39%        N/A       21%         4
 Olgreb's Toxic Radiance  Pois           39%        N/A       21%         4
 Passage of Golubria      Tloc           39%        N/A       21%         4
 Summon Ice Beast         Ice/Summ       39%        N/A       21%         4
 Lehudib's Crystal Spear  Conj/Erth      63%        10d15     34%         8
 Death Channel            Necr           55%        N/A       36%         6
 Alistair's Intoxication  Tmut/Pois      28%        N/A       43%         5
 Yara's Violent Unravell  Hex/Tmut       21%        3d10      43%         5
 Spellforged Servitor     Conj/Summ      42%        N/A       45%         7
 Metabolic Englaciation   Hex/Ice        19%        N/A       50%         5
 Summon Forest            Summ/Tloc      19%        N/A       50%         5
 Summon Mana Viper        Hex/Summ       39%        N/A       50%         5
 Simulacrum               Ice/Necr       47%        N/A       73%         6
 Chain Lightning          Conj/Air       55%        3d73      89%         9
 Eringya's Noxious Bog    Tmut/Pois      21%        N/A       95%         6
 Dispersal                Tloc           19%        N/A       97%         6
 Summon Cactus Giant      Summ           19%        N/A       97%         6
 Haunt                    Necr/Summ      47%        N/A       99%         7
 Enfeeble                 Hex            19%        N/A       100%        7
 Malign Gateway           Summ/Tloc      19%        N/A       100%        7
 Monstrous Menagerie      Summ           19%        N/A       100%        7
 Summon Hydra             Summ           19%        N/A       100%        7
 Discord                  Hex            19%        N/A       100%        8
 Ignition                 Fire           19%        3d7       100%        8
 Infestation              Necr           55%        N/A       100%        8
 Dragon's Call            Summ           19%        N/A       100%        9
 Fire Storm               Conj/Fire      42%        8d11      100%        9
 Polar Vortex             Ice            19%        N/A       100%        9
 Sublimation of Blood     Necr           Unusable   N/A       N/A         2
 Wereblood                Tmut           Unusable   N/A       N/A         2
 Spider Form              Tmut/Pois      Unusable   N/A       N/A         3
 Ice Form                 Ice/Tmut       Unusable   N/A       N/A         4
 Statue Form              Tmut/Erth      Unusable   N/A       N/A         6
 Blade Hands              Tmut           Unusable   N/A       N/A         5

Inventory:

Missiles
 k - 3 curare-tipped darts {=fthrowing}
 m - 3 datura-tipped darts {throwing}
 o - 26 boomerangs {throwing}
 w - 4 silver javelins {throwing}
 B - 5 atropa-tipped darts {throwing}
 G - 3 throwing nets {=f!fthrowing}
 R - 32 poisoned darts {throwing}
Armour
 d - a +2 pair of gloves (worn)
   (You found it on level 1 of the Elven Halls)
 j - a scarf of repulsion (worn)
   (You found it on level 8 of the Dungeon)
 l - a +2 pair of boots (worn)
   (You found it on level 10 of the Dungeon)
 p - a +0 cloak of stealth
   (You found it on level 4 of the Swamp)
 u - a +2 cloak of willpower
   (You found it on level 3 of the Elven Halls)
 y - a +2 robe of the Archmagi (worn)
   (You took it off a naga on level 3 of the Lair of Beasts)
 U - a +2 hat of willpower (worn)
   (You found it on level 4 of the Swamp)
 V - a +1 buckler of fire resistance (worn)
   (You took it off a deep elf knight on level 1 of the Elven Halls)
Magical Staves
 a - a staff of conjuration {!a@e2staff}
   (You bought it in a shop on level 2 of the Orcish Mines)
 b - the staff of earth "Berront" (weapon) {rElec rF+ rCorr Str-3, !astaff}
   (You acquired it on level 5 of the Dungeon)

   [staff of earth]

   Base accuracy: +5 Base damage: 5 Base attack delay: 1.2 This weapon's minimum
   attack delay (0.6) is reached at skill level 12.
   Str:       It affects your strength (-3).
   rF:        It protects you from fire.
   rElec:     It insulates you from electricity.
   rCorr:     It protects you from acid and corrosion.
   It falls into the 'Staves' category.
   It is a one-handed weapon.
Jewellery
 e - an amulet of magic regeneration (around neck) {@e2}
   (You found it on level 3 of the Elven Halls)
 f - a ring of willpower
   (You found it on level 1 of the Vaults)
 q - a ring of protection from fire
   (You took it off an orc on level 3 of the Dungeon)
 s - a ring of willpower
   (You found it on level 9 of the Dungeon)
 t - a +6 ring of intelligence (left hand)
   (You bought it in a shop on level 10 of the Dungeon)
 z - a ring of magical power (right hand)
   (You bought it in a shop on level 10 of the Dungeon)
 A - an amulet of regeneration {@e2}
   (You found it on level 3 of the Dungeon)
 D - the ring "Trusted Companion" {Fire rPois rCorr Str+4}
   (You found it on level 2 of the Vaults)

   [ring of fire]

   It enhances your fire magic.
   Str:       It affects your strength (+4).
   rF:        It protects you from fire.
   rC:        It makes you vulnerable to cold.
   rPois:     It protects you from poison.
   rCorr:     It protects you from acid and corrosion.
 H - the ring of Jeminecy {rF+ rC+ Dex+6}
   (You found it on level 2 of the Vaults)

   [ring of dexterity]

   Dex:       It affects your dexterity (+6).
   rF:        It protects you from fire.
   rC:        It protects you from cold.
 O - a ring of wizardry
   (You found it on level 6 of the Dungeon)
 P - a ring of flight
   (You found it on level 13 of the Dungeon)
 Q - a ring of protection from cold
   (You found it on level 14 of the Dungeon)
 Y - a ring of fire
   (You took it off a yaktaur on level 2 of the Vaults)
Wands
 n - a wand of paralysis (35)
   (You found it on level 2 of the Dungeon)
 r - a wand of digging (11)
   (You found it on level 9 of the Dungeon)
 C - a wand of roots (69)
   (You found it on level 4 of the Dungeon)
 F - a wand of mindburst (55)
   (You found it on level 7 of the Dungeon)
 I - a wand of flame (59)
   (You found it on level 5 of the Dungeon)
 L - a wand of light (30)
   (You found it on level 11 of the Dungeon)
 M - a wand of polymorph (5)
   (You found it on level 12 of the Dungeon)
Scrolls
 c - 9 scrolls of vulnerability {!r!r}
 g - 19 scrolls of identify {@r1}
 h - 7 scrolls of noise {!r}
 i - 5 scrolls of enchant weapon
 x - 13 scrolls of teleportation {@r4}
 E - a scroll of magic mapping {!r}
 J - 4 scrolls of immolation {!r!r}
 K - 2 scrolls of torment
 N - 5 scrolls of fog
 S - 8 scrolls of poison
 W - a scroll of fear
Miscellaneous
 v - a piece from Xom's chessboard (15/15)
   (You found it on level 2 of the Swamp)
 T - a lightning rod (4/4)
   (You found it on level 1 of the Vaults)
 X - a tin of tremorstones (2/2) {throwing}
   (You found it on level 4 of the Snake Pit)
 Z - a box of beasts
   (You found it on level 4 of the Snake Pit)

Dungeon Overview and Level Annotations

Branches:
Dungeon (15/15) Zot: 23472  Temple (0/1) D:6            Lair (5/5) D:8 Zot: 18378
  Swamp (4/4) Lair:3 Zot: 16532   Snake (4/4) Lair:3 Zot: 15106   Slime (0/5) Lair:5
    Orc (2/2) D:11 Zot: 9577     Elf (3/3) Orc:2 Zot: 10956  Vaults (4/5) D:14 Zot: 14990
  Crypt (0/3) Vaults:3     Depths (0/4) D:15

Altars:
Cheibriados
Dithmenos
Gozag
Hepliaklqana
Okawaru
Qazlal
Ru
Sif Muna
Trog
Wu Jian
Xom
Yredelemnul
Jiyva

Shops:
D:10 =   Orc:1 ?   Orc:2 *(:[   Elf:2 (?(   Snake:3 (   Snake:4 =(

Portals:
Abyss: Snake:1

Annotations:
D:10 1 runed translucent door, fozzywoppz's ghost, journeyman MiFi
D:13 2 transporters
Lair:2 1 runed translucent door, howech's ghost, journeyman MiGl
Lair:5 2 transporters, SpyderV's ghost, journeyman MiFi
Snake:1 2 transporters, Lobster4's ghost, journeyman HONe
Elf:2 6 runed translucent doors, Baunymm's ghost, journeyman DsBe; Orangeyouglad's ghost, adept SpEn; relicbr's ghost, adept SpDe; xian's ghost, journeyman MiBe
Vaults:4 Margery

,*,,,*,*,,**,,,,,,* *,***,*,***
,,,,,,,*,,**,,,,,,* *,*,*,*,*,*
,,,,,,,*,,**,,,,,,* *,*,***,*,*
********,,**,,,,,,* *,*,*,,,*,*
,,,,,,,,,,**,,,,,,* *,*,*****,*
,,,,,,,,,,**,,,,,,* *,,,,,,,,,,
******************* ***********
##############################***
................@.§§§§§§§.c...,,,
..................§c§§§§.cp...,,,
...................§§§§§......,,,
....................§§........,,,
################+###+#########***
*,,,,,* *,,,,,* *,***,* *,,*,,*


You could see a yaktaur.


Message History

Unknown command.
Really read
E - 2 scrolls of magic mapping {!r}?
As you read the scroll of magic mapping {!r}, it crumbles to dust.
You feel aware of your surroundings.
You sensed 1 shop/portal.
Unknown command.
You see here a +0 arbalest {crossbow}.
You open the door.
There is an open door here.
You hear the stately tolling of a very distant bell.
A yaktaur captain and a yaktaur come into view.
The yaktaur captain shouts!
The yaktaur shouts!
You hear a shout!
The yaktaur wields a +0 arbalest.
The yaktaur shoots a bolt.
The bolt hits you!!
Danger! 2 yaktaurs come into view.
The yaktaur shouts!
The yaktaur captain wields a +0 arbalest.
The yaktaur captain shoots a bolt.
The bolt hits you!!!
The yaktaur shoots a bolt.
The bolt hits you!!
* * * LOW HITPOINT WARNING * * *
The yaktaur moves out of view.
You hear a shout! x2
The yaktaur shouts!
The yaktaur captain shoots a bolt.
You block the bolt.
You hear a shout! x2
Unknown command.
Unknown command.
Casting: Conjure Ball Lightning (mildly dangerous; 1% risk of failure)
Confirm with . or Enter, or press ? or * to list all spells.
Okay, then.
Unknown command.
You are too injured to fight recklessly!
Unknown command.
Casting: Conjure Ball Lightning (mildly dangerous; 1% risk of failure)
Confirm with . or Enter, or press ? or * to list all spells.
Aiming: Iron Shot (mildly dangerous; 1% risk of failure)
Press: ? - help, Shift-Dir - straight line, f - yaktaur captain
Aim: a yaktaur captain, wielding a +0 arbalest (93% to hit)
You feel a strong surge of power!
The iron shot hits the yaktaur captain!!!
The yaktaur wields a +0 arbalest.
The yaktaur shoots a bolt.
You block the bolt.
A hell knight comes into view. It is wielding a +1 demon trident.
Margery the Dragonslayer comes into view.
She is wielding a +5 demon whip of flaming.
The yaktaur captain shoots a bolt.
The bolt hits you!!!
* * * LOW HITPOINT WARNING * * *
The hell knight shouts!
Casting: Iron Shot (mildly dangerous; 1% risk of failure)
Confirm with . or Enter, or press ? or * to list all spells.
Aiming: Iron Shot (mildly dangerous; 1% risk of failure)
Press: ? - help, Shift-Dir - straight line, f/p - yaktaur captain
Aim: a yaktaur captain, wielding a +0 arbalest (severely wounded, 93% to hit)
You feel a strong surge of power!
The iron shot hits the yaktaur captain!!!!
You kill the yaktaur captain!
Sif Muna accepts your kill.
Unknown command.
Unknown command.
As you read the scroll of torment, it crumbles to dust.
You feel a surge of unholy energy.
The yaktaur convulses!
Margery convulses!
The yaktaur convulses! x2; The hell knight convulses!
The yaktaur wields a +2 heavy arbalest.
The yaktaur shoots a bolt.
The bolt closely misses you.
The yaktaur shoots a bolt.
The bolt hits you!
* * * LOW HITPOINT WARNING * * *
As you read the scroll of fog, it crumbles to dust.
The scroll dissolves into smoke.
The yaktaur shoots a bolt.
You block the bolt.
You are too injured to fight recklessly!
Casting: Iron Shot (mildly dangerous; 1% risk of failure)
Confirm with . or Enter, or press ? or * to list all spells.
Aiming: Iron Shot (mildly dangerous; 1% risk of failure)
Press: ? - help, Shift-Dir - straight line, f - yaktaur
Aim: a yaktaur, wielding a +0 arbalest (grey smoke, heavily wounded, 96% to hit)
You feel a strong surge of power!
The iron shot hits the yaktaur!!!
You kill the yaktaur!
Sif Muna accepts your kill.
You hear a shout!
Okay, then.
Unknown command.
Danger!
Unknown command.
Casting: Iron Shot (mildly dangerous; 1% risk of failure)
Confirm with . or Enter, or press ? or * to list all spells.
Aiming: Iron Shot (mildly dangerous; 1% risk of failure)
Press: ? - help, Shift-Dir - straight line, f - hell knight
Aim: a hell knight, wielding a +1 demon trident and wearing a +0 chain mail (grey smoke, heavily wounded, 86% to hit)
You feel a strong surge of power!
The iron shot hits the hell knight!!
You hear a shout!
The hell knight invokes the aid of its god against you.
The bolt of fire hits you! You resist.
* * * LOW HITPOINT WARNING * * *
Casting: Iron Shot (mildly dangerous; 1% risk of failure)
Confirm with . or Enter, or press ? or * to list all spells.
Aiming: Iron Shot (mildly dangerous; 1% risk of failure)
Press: ? - help, Shift-Dir - straight line, f/p - hell knight
Aim: a hell knight, wielding a +1 demon trident and wearing a +0 chain mail (grey smoke, almost dead, 86% to hit)
You feel a strong surge of power!
The iron shot hits the hell knight!!!
You kill the hell knight!
Sif Muna accepts your kill.
The yaktaur shoots a bolt.
The bolt hits you!!
You die...

Skill      XL: |  1  2  3  4  5  6  7  8  9 10 11 12 13 14 15 16 17 18 19 20 |
---------------+-------------------------------------------------------------+-----
Spellcasting   | 3 4 5 6 7 10 12 13 15 16 18 19 | 19.0
Fighting       | 1 2 3 4 5 6 9 |  9.0
Dodging        | 2 3 4 7 |  7.0
Earth Magic    | 3 4 5 7 10 11 12 | 12.0
Invocations    | 1 2 4 5 7 9 10 12 | 12.0
Conjurations   | 2 4 7 9 12 15 16 17 | 17.0
Necromancy     | 5 |  5.0
Shields        | 3 4 |  4.0
Air Magic      | 7 13 16 | 16.9
Stealth        | |  1.5
Transmutations | |  0.7

Action                     |  1- 3 |  4- 6 |  7- 9 | 10-12 | 13-15 | 16-18 | 19-21 || total
---------------------------+-------+-------+-------+-------+-------+-------+-------++-------
  Melee: Dagger            |     7 |     5 |       |       |       |       |       ||    12
   Cast: Sandblast         |    66 |   100 |   173 |   270 |   188 |     8 |       ||   805
         Stone Arrow       |       |       |     7 |    97 |    57 |       |       ||   161
         Summon Hydra      |       |       |       |     1 |       |       |       ||     1
         Magic Dart        |       |       |       |    46 |   139 |     6 |       ||   191
         Iskenderun's Batt |       |       |       |    20 |   109 |    44 |     1 ||   174
         Iron Shot         |       |       |       |       |   159 |   287 |   186 ||   632
         Fulminant Prism   |       |       |       |       |    89 |    16 |       ||   105
         Lee's Rapid Decon |       |       |       |       |    46 |    81 |    32 ||   159
         Orb of Destructio |       |       |       |       |    22 |   109 |    48 ||   179
         Borgnjor's Vile C |       |       |       |       |     3 |    20 |     3 ||    26
         Irradiate         |       |       |       |       |       |    11 |     7 ||    18
         Discord           |       |       |       |       |       |     1 |       ||     1
         Conjure Ball Ligh |       |       |       |       |       |    29 |   123 ||   152
         Chain Lightning   |       |       |       |       |       |     1 |       ||     1
         Fire Storm        |       |       |       |       |       |       |     1 ||     1
 Invoke: Channel Magic     |       |       |       |     1 |     2 |     4 |     1 ||     8
         Divine Exegesis   |       |       |       |     1 |       |     2 |     1 ||     4
  Evoke: Wand              |       |       |     7 |     5 |     4 |       |       ||    16
    Use: Scroll            |       |       |    13 |    11 |     7 |    15 |    10 ||    56
 Armour: Robe              |     8 |    24 |    40 |    98 |   146 |    74 |    13 ||   403
  Dodge: Dodged            |    22 |    69 |    95 |   182 |   230 |    77 |    72 ||   747
         Repelled          |       |       |       |       |       |       |     1 ||     1
  Block: Buckler           |       |       |       |       |       |    25 |    24 ||    49

Levels and vault maps discovered:
D:1:      dpeg_arrival_round_b, layout_basic
D:2:      layout_rooms
D:3:      layout_loops_ring, riverfiend_overflow_shadow_ancestor,
          lemuel_doored_altar, grunt_gozag_statues,
          gammafunk_temple_overflow_pools
D:4:      layout_basic, mainiacjoe_overflow_alcove_1,
          nicolae_sif_muna_condensation
D:5:      layout_cave_pools, grunt_decor_fettered, nicolae_figureground_sparkle
D:6:      layout_loops_ring, mainiacjoe_overflow_24_doors,
          kennysheep_little_box, minmay_temple_entry_overgrown,
          kennysheep_potato, uniq_pikel
D:7:      layout_rooms, general_overflow_altar
D:8:      layout_layer_cave, grunt_lair_entry_orc_guard_hut,
          minmay_misc_feat_nine_boxes
D:9:      layout_gridville, lemuel_coloured_pillars_altar, kennysheep_mini,
          grunt_decor_mini_mirrors, roderic_lattice_a
D:10:     layout_rooms, enter_bailey_2, hellmonk_ghost_happy_afterlife,
          serial_shops, shop
D:11:     layout_cross, david_orc_2
D:12:     layout_basic, gauntlet_entry_generic, uniq_psyche
D:13:     layout_irregular_city, nicolae_diode_stairs
D:14:     layout_basic, david_vaults_4, glass_columns_a,
          lemuel_zombie_altar_yredelemnul, uniq_agnes, uniq_louise
D:15:     gammafunk_enter_depths_forms, layout_loops_ring,
          amcnicky_mini_rare_corridor_liquid, trog_butcher_becter
Lair:1:   layout_big_grid, lemuel_fruit_fields
Lair:2:   layout_layer_cave, ebering_ghost_funeral_grove, lemuel_fruit_fields,
          infiniplex_staircase_pool_2, uniq_urug
Lair:3:   layout_long_grid, minmay_swamp_entry_wisps,
          minmay_snake_entry_guardpost_small, infiniplex_staircase_pool
Lair:4:   wad_woods_pond, layout_layer_cave, serial_rivers,
          chequers_serial_rivers_small_b, chequers_serial_rivers_large_a,
          chequers_serial_rivers_room_a, chequers_serial_rivers_small_b,
          nicolae_lair_grazing_beasts [nicolae_sub_lair_graze_edge,
          nicolae_sub_lair_graze_edge, nicolae_sub_lair_graze_edge,
          nicolae_sub_lair_graze_edge], uniq_nessos
Lair:5:   guppyfry_lair_end_dragon, layout_cave_pods,
          hangedman_lair_caniforms_friends, minmay_slime_entry_pillars,
          gammafunk_ghost_arena
Swamp:1:  layout_basic_swamp, evilmike_swamp_ruin_house_2
Swamp:2:  layout_basic_swamp, evilmike_swamp_ruin_house_1
Swamp:3:  layout_basic_swamp, evilmike_swamp_ruin_rubble_2
Swamp:4:  swamp_vile, layout_basic_swamp, nicolae_swamp_nymph_family_reunion,
          uniq_nikola
Snake:1:  layout_onion, gammafunk_ghost_abyssal_escape, serial_bayou_lagoon_a,
          nicolae_triple_integral
Snake:2:  layout_chambers, grunt_megastairs_4
Snake:3:  layout_gridlike, serial_shops, nicolae_square_shop,
          guppyfry_library_mini, uniq_mara, uniq_asterion
Snake:4:  grunt_snake_rune_serpentine_throne, layout_rooms, serial_shops,
          nicolae_shop_statue_plus, minmay_shop_enchanted_jewellery,
          serial_bayou_pond_c, serial_bayou_shore_b
Orc:1:    layout_diamond_mine, serial_shops, nicolae_diamond_shop
Orc:2:    grunt_orc_gardens, layout_diamond_mine, grunt_orc_garden,
          grunt_orc_garden, grunt_orc_garden, grunt_orc_garden
Elf:1:    elf_arrival_001, layout_onion_city
Elf:2:    nicolae_elf_blades_crystal_corner, layout_rooms,
          gammafunk_ghost_cemetery, serial_shops,
          nicolae_shop_bloodbath_and_beyond, shop_statue, nicolae_shop_trees,
          hangedman_elf_targetted_burst, uniq_roxanne
Elf:3:    elf_hall, layout_geoelf_castle, portal_ice_cave_entry_ice_statue_two,
          dreamdust_princess_bridge
Vaults:1: nicolae_vaults_angled_halls, hangedman_vaults_impose,
          nicolae_vaults_inception_scallops, vaults_dpeg_ring,
          vaults_room_fours, v_rooms_6, v_misc_22, vaults_dpeg_emergency_exit,
          ontoclasm_vaults_eye, layout_vaults_omnicross, uniq_saint_roka
Vaults:2: ontoclasm_vaults_misaligned, v_rooms_4,
          nicolae_vaults_bisected_exclaves, ontoclasm_vaults_ligature,
          hangedman_vaults_capsules, v_pattern_1, v_misc_1,
          nicolae_vaults_network_star, nicolae_vaults_murderbox,
          ontoclasm_vaults_decontamination, nicolae_vaults_specimen_jars,
          nicolae_vaults_little_squares_1, layout_vaults_omnibox
Vaults:3: ontoclasm_vaults_shuriken, nicolae_vaults_border_crossing,
          hangedman_vaults_snaps, nicolae_vaults_stairing_the_circle,
          hangedman_vaults_cutoff, ontoclasm_vaults_chip, v_misc_17,
          layout_vaults_chaotic_city, minmay_crypt_entry_nasty_monster,
          serial_shops
Vaults:4: gammafunk_ghost_split, nicolae_vaults_network_s,
          nicolae_vaults_network_quinsquares
          [nicolae_vaults_network_quincunx_subvault,
          nicolae_vaults_network_quincunx_subvault,
          nicolae_vaults_network_quincunx_subvault,
          nicolae_vaults_network_quincunx_subvault],
          nicolae_vaults_shelves_hall, vaults_mumra_hex,
          dpeg_vaults_monster_box, v_misc_5, nicolae_vaults_asterisk,
          hangedman_vaults_slice, layout_vaults_omnigrid, serial_shops,
          bzr_entry_customers, uniq_margery, uniq_donald, uniq_jory

Notes
Turn   | Place    | Note
-------+----------+-------------------------------------------
     0 | D:1      | Sobieck the Mummy Earth Elementalist began the quest for
                  | the Orb.
     0 | D:1      | Reached XP level 1. HP: 13/13 MP: 4/4
    19 | D:1      | HP: 2/13 [hobgoblin (5)]
   416 | D:1      | Reached XP level 2. HP: 20/20 MP: 3/5
   594 | D:1      | Reached skill level 3 in Spellcasting
  1033 | D:2      | Reached skill level 1 in Fighting
  1234 | D:2      | Reached skill level 2 in Dodging
  1234 | D:2      | Gained mutation: You are in touch with the powers of death.
                  | [Mummy growth]
  1234 | D:2      | Reached XP level 3. HP: 26/26 MP: 5/7
  1759 | D:3      | You pick up a book of Rime and begin reading...
  1759 | D:3      | You add the spells Frozen Ramparts and Summon Ice Beast to
                  | your library.
  1803 | D:3      | Reached skill level 3 in Earth Magic
  1803 | D:3      | Reached XP level 4. HP: 33/33 MP: 2/9
  1810 | D:3      | Learned a level 3 spell: Stone Arrow
  1887 | D:3      | You fall into a shaft and drop 3 floors!
  1897 | D:5      | Entered Level 5 of the Dungeon
  1897 | D:5      | Noticed a phantom
  1906 | D:5      | Killed a phantom
  1907 | D:5      | Reached skill level 2 in Fighting
  1907 | D:5      | Reached skill level 4 in Spellcasting
  1907 | D:5      | Reached XP level 5. HP: 34/38 MP: 1/11
  2194 | D:5      | Reached XP level 6. HP: 22/46 MP: 2/12
  2296 | D:4      | Found a shimmering blue altar of Sif Muna.
  2304 | D:4      | Became a worshipper of Sif Muna the Loreminder
  2484 | D:5      | Reached skill level 3 in Fighting
  2484 | D:5      | Reached skill level 3 in Dodging
  2715 | D:3      | Found an opulent altar of Gozag.
  2763 | D:3      | Found a basalt altar of Yredelemnul.
  2959 | D:3      | Found a hazy altar of Hepliaklqana.
  2959 | D:3      | Found a shadowy altar of Dithmenos.
  2961 | D:3      | Noticed a shadow
  3300 | D:3      | Found a snail-covered altar of Cheibriados.
  3300 | D:3      | Found a sacrificial altar of Ru.
  3562 | D:4      | Reached * piety under Sif Muna
  3652 | D:4      | Found an iron altar of Okawaru.
  3831 | D:4      | Reached skill level 5 in Spellcasting
  3832 | D:4      | Reached skill level 4 in Earth Magic
  3832 | D:4      | Reached skill level 1 in Invocations
  3832 | D:4      | Reached XP level 7. HP: 32/52 MP: 6/14
  4238 | D:5      | Reached skill level 4 in Fighting
  4238 | D:5      | Reached skill level 2 in Invocations
  4356 | D:5      | Reached skill level 6 in Spellcasting
  4496 | D:5      | Reached XP level 8. HP: 32/61 MP: 10/17
  4716 | D:5      | Identified a scroll of acquirement
  4716 | D:5      | Acquired the staff of earth "Berront" {rElec rF+ rCorr
                  | Str-3}
  4798 | D:6      | Found a bloodstained altar of Trog.
  4798 | D:6      | Noticed Pikel
  4892 | D:5      | HP: 14/61 [Pikel/+0 whip of freezing (8)]
  4897 | D:5      | Killed Pikel
  4898 | D:5      | Reached skill level 5 in Fighting
  4898 | D:5      | Reached skill level 7 in Spellcasting
  4898 | D:5      | Reached skill level 5 in Earth Magic
  4898 | D:5      | Reached skill level 3 in Invocations
  5035 | D:6      | Reached skill level 4 in Invocations
  5247 | D:6      | Found a staircase to the Ecumenical Temple.
  5522 | D:6      | Reached XP level 9. HP: 68/68 MP: 17/20
  5583 | D:6      | Found a shimmering altar of Xom.
  5603 | D:6      | Reached ** piety under Sif Muna
  5730 | D:7      | You pick up a book of the Spheres and begin reading...
  5730 | D:7      | You add the spells Iskenderun's Battlesphere, Fireball,
                  | Conjure Ball Lightning and Orb of Destruction to your
                  | library.
  5788 | D:7      | Reached skill level 8 in Spellcasting
  5879 | D:6      | Reached skill level 5 in Invocations
  5976 | D:7      | Found a stormy altar of Qazlal.
  5996 | D:7      | Reached skill level 6 in Earth Magic
  6366 | D:7      | Reached skill level 9 in Spellcasting
  6533 | D:7      | Acquired 423 gold pieces
  6535 | D:7      | Acquired 683 gold pieces
  6537 | D:7      | Acquired 1267 gold pieces
  6703 | D:8      | Reached *** piety under Sif Muna
  6768 | D:8      | Reached skill level 7 in Earth Magic
  6887 | D:8      | You pick up a book of Scorching and begin reading...
  6887 | D:8      | You add the spells Scorch, Flame Wave and Summon Cactus
                  | Giant to your library.
  6896 | D:8      | Reached skill level 10 in Spellcasting
  7064 | D:8      | You pick up a book of Blood and begin reading...
  7110 | D:8      | Reached XP level 10. HP: 74/74 MP: 18/24
  7204 | D:8      | Found a staircase to the Lair.
  7324 | D:8      | Reached skill level 8 in Earth Magic
  7910 | D:8      | You pick up a book of Geomancy and begin reading...
  8438 | D:9      | Reached skill level 9 in Earth Magic
  8593 | D:9      | Reached **** piety under Sif Muna
  8760 | D:9      | Noticed a two-headed ogre
  8765 | D:9      | Killed a two-headed ogre
  8766 | D:9      | Reached skill level 10 in Earth Magic
  8923 | D:9      | Reached skill level 1 in Conjurations
  8975 | D:9      | Found an ornate altar of the Wu Jian Council.
  9528 | D:10     | Entered Level 10 of the Dungeon
  9545 | D:10     | Noticed a two-headed ogre
  9695 | D:10     | Killed a two-headed ogre
  9696 | D:10     | Reached skill level 2 in Conjurations
  9696 | D:10     | Reached XP level 11. HP: 79/79 MP: 15/25
  9696 | D:10     | Noticed fozzywoppz's ghost (journeyman MiFi)
  9738 | D:10     | Found a runed translucent door.
  9742 | D:10     | Found Tyloklueng's Jewellery Boutique.
  9750 | D:10     | Bought a +6 ring of intelligence for 612 gold pieces
  9754 | D:10     | Bought a ring of magical power for 340 gold pieces
  9847 | D:10     | Reached ***** piety under Sif Muna
  9860 | D:10     | Reached skill level 6 in Invocations
  9863 | D:10     | Received a gift from Sif Muna
  9864 | D:10     | You pick up a book of Conjurations and begin reading...
  9864 | D:10     | You add the spells Magic Dart, Searing Ray and Fulminant
                  | Prism to your library.
  9948 | D:10     | You pick up a book of the Wilderness and begin reading...
  9948 | D:10     | You add the spells Summon Forest and Summon Mana Viper to
                  | your library.
 10071 | D:10     | Found a flagged portal.
 10307 | D:10     | Reached skill level 11 in Spellcasting
 10356 | D:11     | You pick up a book of the Wilderness and begin reading...
 10520 | Lair:1   | Entered Level 1 of the Lair of Beasts
 10588 | Lair:1   | Reached skill level 3 in Conjurations
 10995 | Lair:1   | You pick up a book of Dreams and begin reading...
 10995 | Lair:1   | You add the spells Ensorcelled Hibernation and Anguish to
                  | your library.
 11220 | Lair:1   | Reached skill level 4 in Conjurations
 11550 | Lair:2   | Reached skill level 7 in Invocations
 11713 | Lair:2   | Reached skill level 11 in Earth Magic
 11821 | Lair:2   | Noticed Urug
 11831 | Lair:2   | HP: 11/79 [Urug/silver javelin (19)]
 11831 | Lair:2   | Killed Urug
 11832 | Lair:2   | Reached skill level 12 in Spellcasting
 11832 | Lair:2   | Reached XP level 12. HP: 9/86 MP: 26/28
 11917 | Lair:2   | Found a runed translucent door.
 11919 | Lair:2   | Noticed howech's ghost (journeyman MiGl)
 11920 | Lair:2   | Identified the +9 spear "Murmur" {holy, +Blink}
 12145 | Lair:2   | Reached skill level 5 in Conjurations
 12692 | Lair:2   | Reached skill level 8 in Invocations
 13486 | Lair:3   | Identified a +2 robe of the Archmagi
 13601 | Lair:3   | Learned a level 5 spell: Iskenderun's Battlesphere
 13630 | Lair:3   | Found a staircase to the Snake Pit.
 13851 | Lair:3   | Found a staircase to the Swamp.
 13858 | Lair:3   | Reached skill level 13 in Spellcasting
 13987 | Lair:3   | You fall into a shaft and drop 2 floors!
 13987 | Lair:5   | Entered Level 5 of the Lair of Beasts
 13987 | Lair:5   | Noticed a catoblepas
 14080 | Lair:5   | Reached skill level 6 in Conjurations
 14131 | Lair:5   | Learned a level 1 spell: Magic Dart
 14169 | Lair:3   | Noticed a catoblepas
 14180 | Lair:3   | Killed a catoblepas
 14895 | Lair:4   | Noticed a death yak
 14895 | Lair:4   | Noticed a death yak
 14895 | Lair:4   | Noticed a death yak
 14895 | Lair:4   | Noticed a death yak
 15376 | Lair:4   | Reached skill level 9 in Invocations
 15636 | Lair:4   | Noticed Nessos
 15791 | Lair:4   | Killed Nessos
 15925 | Lair:3   | Killed a death yak
 15926 | Lair:3   | Reached skill level 7 in Conjurations
 15926 | Lair:3   | Gained mutation: You are strongly in touch with the powers
                  | of death. [Mummy growth]
 15926 | Lair:3   | Reached XP level 13. HP: 91/91 MP: 23/30
 16122 | Lair:4   | Reached skill level 14 in Spellcasting
 16404 | Lair:4   | You add the spells Kindle Blastsparks and Sticky Flame to
                  | your library.
 16404 | Lair:4   | Got the Tractate on the Sun and Congelation
 16840 | Lair:4   | Reached skill level 8 in Conjurations
 17090 | Lair:4   | Reached skill level 10 in Invocations
 18013 | Lair:5   | Identified the +0 broad axe "Noemeam" {freeze, Str+4}
 18068 | Lair:5   | Received a gift from Sif Muna
 18109 | Lair:5   | You add the spells Freezing Cloud, Arcjolt, Yara's Violent
                  | Unravelling, Agony and Alistair's Intoxication to your
                  | library.
 18109 | Lair:5   | Got Sif Muna's Sophisticated Willworking {god gift}
 18315 | Lair:5   | Found a staircase to the Slime Pits.
 18315 | Lair:5   | Found a viscous altar of Jiyva.
 18327 | Lair:5   | Found a transporter.
 18330 | Lair:5   | Noticed SpyderV's ghost (journeyman MiFi)
 18335 | Lair:5   | Found a transporter.
 18460 | Lair:4   | Reached skill level 15 in Spellcasting
 18460 | Lair:4   | Reached skill level 9 in Conjurations
 19729 | Lair:5   | Learned a level 4 spell: Fulminant Prism
 19731 | Lair:5   | Reached XP level 14. HP: 98/98 MP: 33/33
 20204 | Lair:5   | Reached skill level 10 in Conjurations
 20263 | Lair:5   | Received a gift from Sif Muna
 20264 | Lair:5   | You add the spells Foxfire, Vhi's Electric Charge, Teleport
                  | Other, Passage of Golubria, Starburst and Malign Gateway to
                  | your library.
 20264 | Lair:5   | Got Sif Muna's Excursus on Geometric Causimancy {god gift}
 20305 | Lair:5   | Reached skill level 11 in Invocations
 20653 | Lair:5   | You pick up a book of Iron and begin reading...
 20653 | Lair:5   | You add the spells Animate Armour and Iron Shot to your
                  | library.
 20661 | Lair:5   | Learned a level 6 spell: Iron Shot
 20847 | Lair:5   | Identified the +9 quarterstaff "Eroozanu" {heavy, Stlth+}
 21833 | D:11     | Found a staircase to the Orcish Mines.
 22553 | D:12     | Reached skill level 11 in Conjurations
 22815 | D:12     | Noticed Psyche
 22819 | D:12     | Killed Psyche
 22856 | D:12     | Received a gift from Sif Muna
 22857 | D:12     | You pick up a book of Sloth and begin reading...
 23131 | D:11     | Upgraded the game from 0.30-a0-953-g5f1da4a474 to
                  | 0.30-a0-956-gcec3b41aec
 24329 | D:13     | Found a transporter.
 24721 | D:13     | Found a transporter.
 24883 | D:14     | You add the spells Sting, Poisonous Vapours and Olgreb's
                  | Toxic Radiance to your library.
 25079 | D:14     | Reached skill level 12 in Conjurations
 25079 | D:14     | Reached skill level 12 in Invocations
 25376 | D:14     | Found a gate to the Vaults.
 25586 | D:14     | Noticed Agnes
 25637 | D:14     | HP: 4/98 [Agnes/+4 lajatang of pain (28)]
 25638 | D:14     | Killed Agnes
 25726 | D:14     | Reached XP level 15. HP: 103/103 MP: 19/34
 25839 | D:13     | Learned a level 7 spell: Orb of Destruction
 25953 | D:14     | Received a gift from Sif Muna
 25957 | D:14     | You add the spells Lee's Rapid Deconstruction, Borgnjor's
                  | Vile Clutch and Discord to your library.
 25957 | D:14     | Got Sif Muna's Compilation of the Ill-starred Caves {god
                  | gift}
 26228 | D:14     | Noticed Louise
 26237 | D:14     | Killed Louise
 26480 | D:14     | Reached skill level 13 in Conjurations
 26849 | D:14     | Found a basalt altar of Yredelemnul.
 27109 | D:14     | Learned a level 5 spell: Borgnjor's Vile Clutch
 27127 | D:15     | Entered Level 15 of the Dungeon
 27303 | D:14     | Learned a level 5 spell: Lee's Rapid Deconstruction
 27514 | D:15     | Found a staircase to the Depths.
 27868 | D:15     | Found a bloodstained altar of Trog.
 28208 | D:15     | Reached skill level 1 in Necromancy
 28623 | D:15     | Reached skill level 2 in Necromancy
 28907 | D:15     | Reached skill level 14 in Conjurations
 28907 | D:15     | Reached skill level 3 in Necromancy
 29505 | Orc:1    | Entered Level 1 of the Orcish Mines
 29505 | Orc:1    | Found Biddoirr's Magic Scroll Shop.
 29516 | Orc:1    | Received a gift from Sif Muna
 29517 | Orc:1    | You add the spells Slow and Enfeeble to your library.
 29517 | Orc:1    | Got Sif Muna's Guidebook on Alluring Hurting {god gift}
 29524 | Orc:1    | Paralysed by an orc sorcerer for 5 turns
 29772 | Orc:1    | Bought a scroll of blinking for 105 gold pieces
 30197 | Orc:2    | Entered Level 2 of the Orcish Mines
 30209 | Orc:2    | Reached skill level 4 in Necromancy
 30363 | Orc:2    | Found Wourih's Antique Armour Boutique.
 30542 | Orc:2    | Received a gift from Sif Muna
 30543 | Orc:2    | You pick up a book of Death and begin reading...
 30543 | Orc:2    | You add the spells Animate Dead, Haunt and Infestation to
                  | your library.
 31283 | Orc:2    | Found Zaqod's Book Emporium.
 31284 | Orc:2    | Found a staircase to the Elven Halls.
 31292 | Orc:2    | Reached skill level 5 in Necromancy
 31469 | Orc:2    | Found Venein's General Store.
 31485 | Orc:2    | Bought a scroll of blinking for 120 gold pieces
 31490 | Orc:2    | Found Quoseifa's Antique Weapon Emporium.
 31789 | Orc:2    | Bought a staff of conjuration for 400 gold pieces
 32169 | Snake:1  | Entered Level 1 of the Snake Pit
 32302 | Snake:1  | Noticed Lobster4's ghost (journeyman HONe)
 32316 | Snake:1  | HP: 11/103 [salamander/+3 trident (15)]
 32434 | Swamp:1  | Entered Level 1 of the Swamp
 32629 | Swamp:1  | Reached skill level 15 in Conjurations
 33195 | Swamp:1  | Reached XP level 16. HP: 109/109 MP: 31/35
 33201 | Swamp:1  | HP: 24/109 [will-o-the-wisp/foxfire (12)]
 33482 | Swamp:1  | You pick up a book of Necromancy and begin reading...
 33482 | Swamp:1  | You add the spells Necrotise and Vampiric Draining to your
                  | library.
 33594 | Swamp:1  | Received a gift from Sif Muna
 33595 | Swamp:1  | You add the spells Shock, Momentum Strike, Ignite Poison,
                  | Spellforged Servitor and Lehudib's Crystal Spear to your
                  | library.
 33595 | Swamp:1  | Got Sif Muna's Catalogue of Bright Shapeshifting {god gift}
 34906 | Swamp:2  | You fall into a shaft and drop 1 floor!
 35750 | Swamp:3  | Reached skill level 16 in Conjurations
 35840 | Swamp:3  | Noticed a thorn hunter
 35848 | Swamp:3  | Killed a thorn hunter
 35849 | Swamp:3  | Reached skill level 16 in Spellcasting
 36568 | Swamp:4  | Entered Level 4 of the Swamp
 36862 | Swamp:4  | Noticed Nikola
 36869 | Swamp:4  | Killed Nikola
 38714 | Swamp:4  | Received a gift from Sif Muna
 38715 | Swamp:4  | You add the spells Static Discharge, Summon Lightning Spire
                  | and Chain Lightning to your library.
 38715 | Swamp:4  | Got Sif Muna's Compilation of Incineration and Breath {god
                  | gift}
 38778 | Swamp:4  | Noticed a tentacled monstrosity
 38808 | Swamp:4  | Killed a tentacled monstrosity
 38809 | Swamp:4  | Reached skill level 6 in Fighting
 39235 | Swamp:4  | Got a decaying rune of Zot
 39714 | Elf:1    | Entered Level 1 of the Elven Halls
 39724 | Elf:1    | Reached XP level 17. HP: 117/117 MP: 35/37
 39875 | Elf:1    | Reached skill level 17 in Conjurations
 40016 | Elf:1    | You pick up a book of Sloth and begin reading...
 40062 | Elf:1    | Reached skill level 17 in Spellcasting
 40531 | Elf:1    | Reached skill level 7 in Fighting
 41137 | Elf:1    | Reached skill level 8 in Fighting
 41248 | Elf:1    | You fall into a shaft and drop 1 floor!
 41251 | Elf:2    | Found a runed translucent gate.
 41251 | Elf:2    | Found a runed translucent gate.
 41251 | Elf:2    | Found a runed translucent gate.
 41257 | Elf:2    | Found Nisezxur's Magic Scroll Shoppe.
 41258 | Elf:2    | Found Peclaligi's Weapon Shoppe.
 42110 | Elf:1    | Reached skill level 18 in Spellcasting
 42305 | Elf:2    | Reached skill level 1 in Shields
 42312 | Elf:1    | Received a gift from Sif Muna
 42313 | Elf:1    | You add the spells Kiss of Death, Dazzling Flash, Eringya's
                  | Noxious Bog and Fire Storm to your library.
 42313 | Elf:1    | Got Doumesoe's Atlas of Mighty Vicissitude {god gift}
 42475 | Elf:2    | Found Piolefig's Weapon Shoppe.
 42591 | Elf:2    | Bought a scroll of acquirement for 676 gold pieces
 42591 | Elf:2    | Bought a scroll of blinking for 97 gold pieces
 42593 | Elf:2    | Acquired a book of Alchemy
 42594 | Elf:2    | You pick up a book of Alchemy and begin reading...
 42601 | Elf:2    | Learned a level 5 spell: Irradiate
 42636 | Elf:2    | Noticed Roxanne
 42640 | Elf:2    | Killed Roxanne
 42823 | Elf:2    | You pick up a book of the Earth and begin reading...
 43240 | Elf:2    | Found a runed translucent gate.
 43241 | Elf:2    | Found a runed translucent gate.
 43242 | Elf:2    | Found a runed translucent gate.
 43243 | Elf:2    | Noticed Baunymm's ghost (journeyman DsBe)
 43245 | Elf:2    | Noticed Orangeyouglad's ghost (adept SpEn)
 43245 | Elf:2    | Noticed relicbr's ghost (adept SpDe)
 43245 | Elf:2    | Noticed xian's ghost (journeyman MiBe)
 43250 | Elf:2    | Reached skill level 2 in Shields
 43252 | Elf:2    | Reached skill level 9 in Fighting
 43520 | Elf:3    | Entered Level 3 of the Elven Halls
 43589 | Elf:3    | Reached skill level 4 in Dodging
 44805 | Snake:1  | Reached skill level 3 in Shields
 45127 | Snake:1  | Identified the +5 flail of Calamity {flame, rN+ Dex+4}
 45131 | Snake:1  | Found a transporter.
 45137 | Snake:1  | Found a transporter.
 45676 | Snake:1  | Reached XP level 18. HP: 132/132 MP: 40/40
 46116 | Snake:1  | Found a one-way gate to the infinite horrors of the Abyss.
 46647 | Snake:2  | Reached skill level 5 in Dodging
 47152 | Snake:2  | Received a gift from Sif Muna
 47153 | Snake:2  | Reached skill level 4 in Shields
 47153 | Snake:2  | You add the spells Summon Guardian Golem, Monstrous
                  | Menagerie, Ignition and Dragon's Call to your library.
 47153 | Snake:2  | Got Sif Muna's Elucidation of Kindled Company {god gift}
 47381 | Snake:2  | Learned a level 6 spell: Conjure Ball Lightning
 47986 | Snake:2  | Reached skill level 1 in Air Magic
 48298 | Snake:3  | Reached skill level 19 in Spellcasting
 48311 | Snake:3  | Noticed Mara
 48316 | Snake:3  | Noticed Sobieck's illusion
 48394 | Snake:3  | Killed Mara
 48395 | Snake:3  | Reached skill level 12 in Earth Magic
 48474 | Snake:3  | Reached skill level 2 in Air Magic
 48529 | Snake:3  | Found Maossio's Weapon Boutique.
 48701 | Snake:3  | Reached skill level 6 in Dodging
 49016 | Snake:3  | Reached skill level 3 in Air Magic
 49107 | Snake:3  | Noticed Asterion
 49118 | Snake:3  | Killed Asterion
 50032 | Snake:4  | Entered Level 4 of the Snake Pit
 50185 | Snake:4  | Reached skill level 4 in Air Magic
 50426 | Snake:4  | Reached skill level 7 in Dodging
 50564 | Snake:4  | Identified the +4 great sword of Entrepreneurial Spirit
                  | {spect, Str+5 Dex+2}
 50587 | Snake:4  | You pick up a book of Unlife and begin reading...
 50834 | Snake:4  | Reached skill level 5 in Air Magic
 51187 | Snake:4  | Received a gift from Sif Muna
 51188 | Snake:4  | You pick up a book of the Tundra and begin reading...
 51188 | Snake:4  | You add the spells Hailstorm and Simulacrum to your
                  | library.
 51355 | Snake:4  | Reached skill level 6 in Air Magic
 51679 | Snake:4  | Found Ulunaurgh's Jewellery Emporium.
 51939 | Snake:4  | Found Gonowimyq's Weapon Shoppe.
 52341 | Snake:4  | Reached skill level 7 in Air Magic
 52857 | Snake:4  | Noticed Vashnia
 52875 | Snake:4  | Killed Vashnia
 52876 | Snake:4  | Reached XP level 19. HP: 113/138 MP: 28/42
 52962 | Snake:4  | Reached skill level 8 in Air Magic
 53283 | Snake:4  | Received a gift from Sif Muna
 53284 | Snake:4  | Got Sif Muna's Omnibus of Hapless Conjuring {god gift}
 53345 | Snake:4  | Got a serpentine rune of Zot
 53755 | Vaults:1 | Entered Level 1 of the Vaults
 54371 | Elf:3    | Reached skill level 9 in Air Magic
 54870 | Elf:3    | Identified the +1 chain mail of Ythiq {rPois rC+ Will+}
 54904 | Elf:3    | Reached skill level 10 in Air Magic
 55450 | Elf:3    | a deep elf death mage comes into view. It is wielding the
                  | +7 sceptre of Torment {pain, torment}.
 55505 | Elf:3    | Identified the +6 trident "Qiddeime" {venom, rF+ rCorr
                  | Int+4}
 55505 | Elf:3    | Identified the amulet of Vanity {*Slow rC+ Regen+ SInv}
 55630 | Elf:3    | You pick up a book of Armaments and begin reading...
 55632 | Elf:3    | You pick up a book of Ice and begin reading...
 55657 | Elf:3    | You pick up a book of Ice and begin reading...
 55660 | Elf:3    | You pick up a book of Spectacle and begin reading...
 55663 | Elf:3    | Identified the staff of fire "Wuthriwa" {+Blink rF+ rC+}
 55665 | Elf:3    | Identified the staff of conjuration "Caintic" {Will+ Str+6
                  | Int-4}
 55667 | Elf:3    | You add the spells Lesser Beckoning, Swiftness, Manifold
                  | Assault and Plasma Beam to your library.
 55667 | Elf:3    | Got Jiahitia's Vellum of the Fuming Voyage
 55669 | Elf:3    | You pick up a book of Weapons and begin reading...
 55669 | Elf:3    | You add the spells Tukima's Dance and Portal Projectile to
                  | your library.
 55671 | Elf:3    | You pick up a book of Lightning and begin reading...
 55672 | Elf:3    | Identified the staff of cold "Veommeyn" {rC+ rCorr Str-3
                  | Stlth+}
 55674 | Elf:3    | Got the Quarto of the Nimbus and the Morgue
 55679 | Elf:3    | Got the Anthology of Power and Nonlocality
 55694 | Elf:3    | Identified the +1 halberd of Ynkeck {antimagic, Str+3}
 55711 | Elf:3    | Identified the +6 ring mail "Aheuniox" {*Corrode Will+++
                  | Dex+2}
 55713 | Elf:3    | Could not pick up a +2 eveningstar of venom {macerare=g}
                  | here; ([A]lways) ignore it?
 55724 | Elf:3    | Identified the staff of earth "Warghowku" {rPois}
 56131 | Elf:3    | Learned a level 3 spell: Swiftness
 56427 | Vaults:1 | Reached skill level 11 in Air Magic
 56912 | Vaults:1 | Noticed Saint Roka
 56921 | Vaults:1 | Killed Saint Roka
 57136 | Vaults:1 | Received a gift from Sif Muna
 57137 | Vaults:1 | You pick up a book of Air and begin reading...
 57304 | Vaults:1 | HP: 26/138 [yaktaur captain/bolt (36)]
 58002 | Vaults:1 | Reached skill level 12 in Air Magic
 58862 | Vaults:1 | You fall into a shaft and drop 1 floor!
 59402 | Vaults:2 | Reached skill level 13 in Air Magic
 59402 | Vaults:2 | Received a gift from Sif Muna
 59406 | Vaults:2 | Got Sif Muna's Notes on the Mighty Nimbus {god gift}
 59602 | Vaults:2 | Reached XP level 20. HP: 119/144 MP: 41/43
 59894 | Vaults:2 | HP: 36/144 [deep troll[an ironbound preserver] (13)]
 60324 | Vaults:2 | Reached skill level 14 in Air Magic
 61506 | Vaults:2 | Identified the ring "Trusted Companion" {Fire rPois rCorr
                  | Str+4}
 61520 | Vaults:2 | Identified the ring of Jeminecy {rF+ rC+ Dex+6}
 61618 | Vaults:2 | Reached skill level 15 in Air Magic
 62340 | Vaults:3 | Received a gift from Sif Muna
 62341 | Vaults:3 | Got Sif Muna's Verses on the Dose and the Map {god gift}
 62602 | Vaults:3 | HP: 8/144 [yaktaur captain/bolt (43)]
 63063 | Vaults:3 | Found a staircase to the Crypt.
 63186 | Vaults:3 | Noticed a bone dragon
 63191 | Vaults:3 | Killed a bone dragon
 63573 | Vaults:3 | Reached skill level 16 in Air Magic
 64835 | Vaults:3 | Reached XP level 21. HP: 113/150 MP: 33/44
 65118 | Vaults:3 | Received a gift from Sif Muna
 65127 | Vaults:3 | You pick up a book of Touch and begin reading...
 65127 | Vaults:3 | You add the spells Confusing Touch and Dispel Undead to
                  | your library.
 65343 | Vaults:4 | Noticed Margery
 65343 | Vaults:4 | HP: 32/150 [yaktaur captain/bolt (41)]
 65354 | Vaults:4 | HP: 16/150 [hell knight/bolt of fire[Margery] (11)]
 65355 | Vaults:4 | Shot with a bolt by a yaktaur

Vanquished Creatures
  Mara (Snake:3)
  Saint Roka (Vaults:1)
  Vashnia (Snake:4)
  Nikola (Swamp:4)
  A bone dragon (Vaults:3)
  A tentacled monstrosity (Swamp:4)
  2 deep elf blademasters (Elf:3)
  2 deep elf master archers (Elf:3)
  Asterion (Snake:3)
  A thorn hunter (Swamp:3)
  Agnes (D:14)
  5 nagarajas
  Roxanne (Elf:2)
  6 deep elf sorcerers
  10 vault wardens
  Louise (D:14)
  3 very ugly things
  6 deep elf elementalists
  9 ironbound thunderhulks
  15 ironbound preservers
  4 eleionomae
  An orc warlord (Orc:2)
  Nessos (Lair:4)
  5 deep elf demonologists (Elf:3)
  15 dire elephants
  3 bunyips
  9 deep elf annihilators (Elf:3)
  2 crystal guardians (Vaults:2)
  5 deep elf death magi
  2 green deaths (Swamp:4)
  A fire dragon (Lair:5)
  A shambling mangrove (Swamp:2)
  5 great orbs of eyes
  3 deep elf high priests (Elf:3)
  9 yaktaur captains
  A rakshasa (D:15)
  4 vault guards
  9 hydras
  A peacekeeper (Vaults:2)
  2 catoblepae
  A salamander tyrant (Snake:4)
  7 centaur warriors
  A ghost crab (Swamp:3)
  3 ironbound frosthearts
  5 two-headed ogres
  17 anacondas
  14 naga warriors
  5 alligators
  2 tengu warriors
  5 shock serpents
  21 dancing weapons
  7 boulder beetles
  8 death yaks
  A thrashing horror (Swamp:4)
  11 naga sharpshooters
  A hell knight (Vaults:4)
  8 spriggans
  3 orc high priests
  An iron troll (D:14)
  11 deep elf knights
  3 skysharks
  44 deep trolls
  2 goliath frogs
  3 sea snakes
  2 glowing orange brains
  5 salamander mystics
  Pikel (D:5)
  7 bog bodies
  9 swamp dragons
  6 naga ritualists
  11 deep elf archers
  5 spriggan druids
  A necromancer (Vaults:3)
  6 wizards
  4 orc knights
  11 lindwurms
  11 ironbound convokers
  12 mana vipers
  A harpy (shapeshifter) (Elf:1)
  8 harpies (Vaults:1)
  16 deep elf zephyrmancers
  19 deep elf pyromancers
  A salamander (shapeshifter) (Elf:1)
  5 orc sorcerers
  6 cyclopes
  38 ugly things
  A cyclops (shapeshifter) (Vaults:2)
  A tengu skeleton (Vaults:3)
  7 will-o-the-wisps
  7 salamanders
  19 elephants
  2 water nymphs (Swamp:4)
  3 manticores
  A centaur zombie (D:14)
  2 ice statues (Elf:3)
  7 vault sentinels
  19 naga magi
  9 guardian serpents
  2 black mambas (shapeshifter)
  A guardian serpent (shapeshifter) (D:14)
  2 orange demons (Swamp:4)
  26 black mambas
  A gargoyle (D:14)
  11 cane toads
  2 torpor snails (Lair:5)
  Psyche (D:12)
  6 komodo dragons
  2 efreet
  5 rime drakes
  A kobold demonologist (D:9)
  26 yaktaurs
  A freezing wraith (D:14)
  A redback zombie (D:14)
  A tengu conjurer (D:14)
  A yaktaur skeleton (Vaults:3)
  3 meliai (D:15)
  15 trolls
  5 bloated husks
  10 polar bears
  A queen bee (shapeshifter) (D:14)
  11 tyrant leeches
  9 hornets
  2 raiju (Lair:5)
  A dream sheep (Lair:5)
  4 blink frogs (Lair:1)
  A blink frog (shapeshifter) (D:14)
  2 large abominations (Swamp:4)
  47 slime creatures
  A centaur simulacrum (D:14)
  3 water elementals
  6 shadows
  A wraith (D:13)
  A human (shapeshifter) (Elf:2)
  3 wyverns
  47 yaks
  5 basilisks
  2 fire elementals (Elf:3)
  4 steam dragons
  An elf simulacrum (Vaults:3)
  9 vampire mosquitoes
  15 swamp worms
  10 wargs
  A swamp worm (shapeshifter) (D:15)
  41 nagas
  19 water moccasins
  4 acid dragons
  13 hell hounds (Lair:5)
  2 ice beasts
  30 orc warriors
  13 black bears
  4 swamp drakes
  5 boggarts (D:15)
  2 sky beasts (D:7)
  14 ogres
  26 wolves
  14 centaurs
  A lemure (D:5)
  3 phantoms
  2 kobold brigands (D:9)
  13 bullfrogs
  A gnoll sergeant (D:8)
  7 scorpions
  A human skeleton (Vaults:3)
  6 wights
  9 killer bees
  6 electric eels
  3 howler monkeys
  4 jellies
  10 orc priests
  A hound (D:5)
  3 sleepcaps
  10 iguanas
  18 orc wizards
  8 gnolls (D:8)
  10 adders
  A white imp (D:7)
  2 ufetubi
  2 worms
  66 orcs
  4 ball pythons
  4 endoplasms
  A giant cockroach (D:1)
  8 goblins
  6 hobgoblins
  6 jackals
  2 quokkas
  4 bats
  2 frilled lizards
  14 kobolds
  4 rats
1338 creatures vanquished.

Vanquished Creatures (collateral kills)
  An anaconda (Snake:1)
  A shock serpent (Snake:1)
  Urug (Lair:2)
  A naga sharpshooter (Snake:1)
  A naga ritualist (Snake:1)
  3 salamanders (Snake:1)
  A black mamba (Snake:1)
  A naga mage (Snake:1)
  25 ball lightnings
35 creatures vanquished.

Vanquished Creatures (others)
  A naga warrior (Snake:1)
  A yaktaur (Vaults:4)
  A bloated husk (Swamp:1)
  A water elemental (Elf:3)
  337 ball lightnings
  2 bushes (Lair:4)
  A fire vortex (Vaults:2)
  14 foxfires
  105 fulminant prisms
  67 fungi
  226 plants
756 creatures vanquished.

Grand Total: 2129 creatures vanquished

Table legend:
 A = Non-vault XP
 B = Vault XP
 C = Vault XP percentage of total XP
 D = Non-vault monster count
 E = Vault monster count
 F = Vault count percentage of total count
                 A         B        C        D         E       F
            +---------+---------+-------+---------+---------+-------
      Total |  375508 |  214944 |  36.4 |     964 |     385 |  28.5
            +---------+---------+-------+---------+---------+-------
        D:1 |      18 |       0 |   0.0 |      12 |       0 |   0.0
        D:2 |      35 |       0 |   0.0 |      17 |       0 |   0.0
        D:3 |     139 |       0 |   0.0 |      24 |       0 |   0.0
        D:4 |     247 |       0 |   0.0 |      16 |       0 |   0.0
        D:5 |    1039 |     718 |  40.9 |      19 |       1 |   5.0
        D:6 |     742 |      53 |   6.7 |      11 |       3 |  21.4
        D:7 |    1367 |       0 |   0.0 |      20 |       0 |   0.0
        D:8 |    1130 |     991 |  46.7 |      32 |       6 |  15.8
        D:9 |    3885 |       0 |   0.0 |      28 |       0 |   0.0
       D:10 |    4259 |       0 |   0.0 |      30 |       0 |   0.0
       D:11 |    5206 |     153 |   2.9 |      19 |       5 |  20.8
       D:12 |    4909 |     383 |   7.2 |      20 |       1 |   4.8
       D:13 |    5903 |       0 |   0.0 |      18 |       0 |   0.0
       D:14 |   13615 |    6375 |  31.9 |      30 |      10 |  25.0
       D:15 |   12767 |    5320 |  29.4 |      30 |      14 |  31.8
     Lair:1 |    4704 |       0 |   0.0 |      14 |       0 |   0.0
     Lair:2 |    7808 |     788 |   9.2 |      32 |       1 |   3.0
     Lair:3 |    5273 |    1236 |  19.0 |      14 |       5 |  26.3
     Lair:4 |   15644 |    2490 |  13.7 |      38 |       8 |  17.4
     Lair:5 |    9625 |   13889 |  59.1 |      30 |      78 |  72.2
    Swamp:1 |   14838 |       0 |   0.0 |      30 |       0 |   0.0
    Swamp:2 |   14965 |       0 |   0.0 |      34 |       0 |   0.0
    Swamp:3 |    6947 |       0 |   0.0 |      12 |       0 |   0.0
    Swamp:4 |    8731 |   24452 |  73.7 |      23 |      34 |  59.6
    Snake:1 |   14315 |       0 |   0.0 |      33 |       0 |   0.0
    Snake:2 |   15884 |    4329 |  21.4 |      30 |       7 |  18.9
    Snake:3 |   15747 |    8700 |  35.6 |      32 |      10 |  23.8
    Snake:4 |   22928 |   25919 |  53.1 |      40 |      33 |  45.2
      Orc:1 |    3677 |     906 |  19.8 |      25 |       2 |   7.4
      Orc:2 |    2901 |    7752 |  72.8 |      30 |      25 |  45.5
      Elf:1 |   30603 |    1826 |   5.6 |      44 |       3 |   6.4
      Elf:2 |   11016 |    7940 |  41.9 |      16 |       9 |  36.0
      Elf:3 |   11484 |   36447 |  76.0 |      18 |      34 |  65.4
   Vaults:1 |   27852 |   12241 |  30.5 |      37 |      28 |  43.1
   Vaults:2 |   33058 |   29522 |  47.2 |      42 |      37 |  46.8
   Vaults:3 |   40090 |   21724 |  35.1 |      58 |      30 |  34.1
   Vaults:4 |    2157 |     790 |  26.8 |       6 |       1 |  14.3
            +---------+---------+-------+---------+---------+-------

Illustrated notes

Table legend:
 A = Kills in this place as a percentage of kills in the entire game.
 B = Kills by you in this place as a percentage of kills by you in the entire game.
 C = Kills by friends in this place as a percentage of kills by friends in the entire game.
 D = Other kills in this place as a percentage of other kills in the entire game.
 E = Experience gained in this place as a percentage of experience gained in the entire game.
 F = Experience gained in this place divided by the number of levels of this place that you have seen.
                   A       B       C       D       E      F
               +-------+-------+-------+-------+-------+----------------------
         Total | 100.0 | 100.0 | 100.0 | 100.0 | 100.0 | 15958.2
       Dungeon |  27.1 |  27.4 |   0.0 |   0.0 |  11.7 | 4616.9
          Lair |  16.3 |  16.4 |  10.0 |   0.0 |  10.4 | 12291.4
         Swamp |   9.9 |   9.9 |   0.0 |   0.0 |  11.8 | 17483.2
     Snake Pit |  13.7 |  13.1 |  90.0 |  50.0 |  18.3 | 26955.5
  Orcish Mines |   6.1 |   6.1 |   0.0 |   0.0 |   2.6 | 7618.0
   Elven Halls |   9.2 |   9.3 |   0.0 |   0.0 |  16.8 | 33105.3
        Vaults |  17.7 |  17.8 |   0.0 |  50.0 |  28.4 | 41858.5
               +-------+-------+-------+-------+-------+----------------------

Table legend: (Time is in decaauts)
 A = Elapsed time spent in this place.
 B = Non-inter-level travel time spent in this place.
 C = Inter-level travel time spent in this place.
 D = Time resting spent in this place.
 E = Time spent auto-exploring this place.
 F = Levels seen in this place.
 G = Mean time per level.
                   A        B        C        D        E       F      G
               +--------+--------+--------+--------+--------+-----+--------+
         Total |  66382 |  62688 |   3694 |  22787 |  22878 |  37 | 1794.1 |
       Dungeon |  19924 |  18153 |   1771 |   4182 |  10078 |  15 | 1328.3 |
          Lair |  11621 |  11075 |    546 |   3638 |   4861 |   5 | 2324.2 |
         Swamp |   7468 |   7283 |    185 |   3542 |   1922 |   4 | 1867.0 |
     Snake Pit |   8893 |   8556 |    337 |   3685 |   2664 |   4 | 2223.2 |
  Orcish Mines |   2422 |   2019 |    403 |   1069 |    359 |   2 | 1211.0 |
   Elven Halls |   7043 |   6784 |    259 |   2772 |   1286 |   3 | 2347.7 |
        Vaults |   9008 |   8817 |    191 |   3899 |   1707 |   4 | 2252.0 |
               +--------+--------+--------+--------+--------+-----+--------+

Top non-repeatable levels by time:
  Lair:5: 3493 daAuts
Vaults:1: 3125 daAuts
   Elf:3: 3103 daAuts
 Swamp:4: 3069 daAuts
  Lair:4: 3054 daAuts
 Snake:4: 3005 daAuts
Vaults:2: 2997 daAuts
Vaults:3: 2818 daAuts
   Elf:1: 2796 daAuts
    D:14: 2504 daAuts
    D:15: 2161 daAuts
 Snake:2: 2151 daAuts
  Lair:2: 2027 daAuts
     D:8: 2021 daAuts
  Lair:3: 2021 daAuts
